 Dungeon Crawl Stone Soup version 0.26-a0-667-g92642533e4 (webtiles) character file.

Game seed: 10639929357921027622

16 somkeydreadnuts the Shooter (level 2, 0/15 HPs)
             Began as a Spriggan Hunter on Oct 17, 2020.
             Slain by a gnoll
             ... wielding a +0 club
              (3 damage)
             ... on level 1 of the Dungeon.
             The game lasted 00:01:53 (586 turns).

somkeydreadnuts the Shooter (Spriggan Hunter)        Turns: 586, Time: 00:01:53

Health: 0/15       AC:  2    Str:  8    XL:     2   Next: 37%
Magic:  3/3        EV: 19    Int: 12    God:
Gold:   0          SH:  0    Dex: 16    Spells: 1/1 levels left

rFire    . . .     SeeInvis +   b - +0 short sword
rCold    . . .     Faith    .   (shield restricted)
rNeg     . . .     Spirit   .   c - +0 robe
rPois    .         Reflect  .   (helmet restricted)
rElec    .         Harm     .   (no cloak)
rCorr    .         Rampage  .   (gloves unavailable)
MR       .....                  (boots unavailable)
Stlth    ++........             (no amulet)
HPRegen  0.05/turn              (no ring)
MPRegen  0.08/turn              (no ring)

@: very quick
A: very small, unfitting armour, see invisible, speed 3
a: no special abilities


You were on level 1 of the Dungeon.
You visited 1 branch of the dungeon, and saw 1 of its levels.

Inventory:

Hand Weapons
 a - a +1 shortbow
 b - a +0 short sword (weapon)
Missiles
 d - 17 arrows
 j - 17 bolts
Armour
 c - a +0 robe (worn)
Jewellery
 m - an uncursed ring of see invisible {unknown}
Scrolls
 e - a scroll of teleportation {unknown}
 f - 2 scrolls of blinking {unknown}
 g - 3 scrolls of amnesia {unknown}
 n - a scroll of identify {unknown}
Potions
 h - a potion of cancellation {unknown}
 i - 2 potions of curing {unknown}
 k - a potion of flight {unknown}
 l - a potion of berserk rage {unknown}


   Skills:
 + Level 1.6 Fighting
 + Level 5.3 Bows
 + Level 3.4 Dodging
 + Level 1.5 Stealth


You had one spell level left.
You didn't know any spells.
Your spell library was empty.

Dungeon Overview and Level Annotations

Branches:
Dungeon (1/15)

Altars:


Innate Abilities, Weirdness & Mutations

You are very small and have problems with some larger weapons.
You are too small for most types of armour.
You have supernaturally acute eyesight. (SInv)
You cover ground extremely quickly.


Message History

You hit the frilled lizard.
You kill the frilled lizard!
You see here a rat corpse.
n - a scroll labeled KEXTEFOORCH
Found a stone staircase leading down.
A gnoll comes into view. It is wielding a +0 club.
You closely miss the rat. The rat closely misses you.
You hit the rat but do no damage. The rat closely misses you.
You hit the rat.
You kill the rat!
The gnoll shouts!
You see here a rat corpse.
The gnoll barely misses you.
You barely miss the gnoll. The gnoll hits you with a +0 club.
You hit the gnoll but do no damage. The gnoll hits you with a +0 club.
* * * LOW HITPOINT WARNING * * *
You hit the gnoll.
The gnoll is lightly wounded.
The gnoll hits you with a +0 club.
You die...

≈≈≈≈##...##≈≈≈≈≈≈≈≈≈≈≈..
≈≈≈≈≈#####≈≈≈≈≈≈≈≈≈≈≈...
≈≈≈≈≈≈≈≈≈≈≈≈≈≈≈≈≈≈≈≈....
≈≈≈≈≈≈≈≈≈≈≈≈≈≈≈≈≈≈....
≈≈≈≈≈≈≈≈≈≈≈≈≈≈≈....#
≈≈....≈≈≈≈......†..# #
†).##............#.#.#
.....................#
................@g...#
############.###.#......
# #.# ......... #
#.#......>... #
####.#.........# #
#....+.........#
.....##†#.........# ###.
##.#.....#### # #..+


You could see a gnoll.

Vanquished Creatures
  A leopard gecko (D:1)
  A bat (D:1)
  A hobgoblin (D:1)
  4 jackals (D:1)
  A kobold (D:1)
  2 frilled lizards (D:1)
  4 rats (D:1)
14 creatures vanquished.

Notes
Turn   | Place    | Note
-------+----------+-------------------------------------------
     0 | D:1      | somkeydreadnuts the Spriggan Hunter began the quest for the
                  | Orb.
     0 | D:1      | Reached XP level 1. HP: 10/10 MP: 2/2
     8 | D:1      | Reached skill level 5 in Bows
   161 | D:1      | Reached XP level 2. HP: 3/15 MP: 3/3
   586 | D:1      | Slain by a gnoll

Illustrated notes

Levels and vault maps discovered:
D:1:      minmay_arrival_shoal_huts, layout_basic

Skill      XL: |  1 |
---------------+----+-----
Bows           | 5 |  5.3
Fighting       | |  1.6
Dodging        | |  3.4
Stealth        | |  1.5

Action                   || total
-------------------------++-------
Melee: Short sword       ||    41
 Fire: Shortbow          ||     8
Armor: Robe              ||     6
Dodge: Dodged            ||    35

Table legend: (Time is in decaauts)
 A = Elapsed time spent in this place.
 B = Non-inter-level travel time spent in this place.
 C = Inter-level travel time spent in this place.
 D = Time resting spent in this place.
 E = Time spent auto-exploring this place.
 F = Levels seen in this place.
 G = Mean time per level.
                   A        B        C        D        E       F      G
               +--------+--------+--------+--------+--------+-----+--------+
         Total |    469 |    469 |      0 |      0 |    304 |   1 |  469.0 |
       Dungeon |    469 |    469 |      0 |      0 |    304 |   1 |  469.0 |
               +--------+--------+--------+--------+--------+-----+--------+

Top non-repeatable levels by time:
     D:1: 469 daAuts
